 Dungeon Crawl Stone Soup version 0.23-a0-650-ga4d50d4d25 (webtiles) character file.

96 LLavrengius the Insei (level 4, -2/29 HPs)
             Began as an Octopode Transmuter on Jan 4, 2019.
             Killed from afar by a jackal (31 damage)
             ... with an exploding inner flame
             ... hexed by the player character
             ... on level 4 of the Dungeon.
             The game lasted 00:08:30 (2863 turns).

LLavrengius the Insei (Octopode Transmuter)         Turns: 2863, Time: 00:08:30

Health: -2/29      AC:  1    Str:  9    XL:     4   Next: 67%
Magic:  7/7        EV: 13    Int: 18    God:
Gold:   196        SH:  0    Dex: 12    Spells: 6/7 levels left

rFire    . . .     SeeInvis .     - Unarmed
rCold    . . .     Gourm    .   (no shield)
rNeg     . . .     Faith    .   (helmet restricted)
rPois    +         Spirit   .   f - amulet of regeneration
rElec    .         Reflect  .   b - ring of poison resistance
rCorr    .         Harm     .   p - +2 ring of intelligence
MR       .....                  v - ring of attention (curse)
Stlth    +.........             (no ring)
HPRegen  0.49/turn              (no ring)
MPRegen  0.10/turn              (no ring)
                                (no ring)
                                (no ring)

@: no status effects
A: almost no armour, stealthy swim, amphibious, 8 rings, constrict 8, camouflage
1, gelatinous body 1
a: no special abilities


You were on level 4 of the Dungeon.
You were very hungry.

You visited 1 branch of the dungeon, and saw 4 of its levels.

You collected 196 gold pieces.

Inventory:

Hand Weapons
 n - a +0 hunting sling
Missiles
 a - 12 arrows
 o - 63 stones (quivered)
 q - 21 sling bullets
Jewellery
 b - a ring of poison resistance (left tentacle)
 f - an amulet of regeneration (around mantle)
 g - an uncursed amulet of guardian spirit {unknown}
 i - an uncursed amulet of magic regeneration {unknown}
 p - a +2 ring of intelligence (right tentacle)
 r - an uncursed amulet of guardian spirit {unknown}
 v - a cursed ring of attention (on tentacle)
Scrolls
 d - a scroll of enchant armour
 h - 3 scrolls of identify
 k - 2 scrolls of remove curse {unknown}
 l - a scroll of fear {unknown}
 m - a scroll of teleportation {unknown}
 t - a scroll of fog {unknown}
 u - a scroll of amnesia {unknown}
Potions
 j - 2 potions of mutation
 s - a potion of haste {unknown}
 w - a potion of heal wounds {unknown}
Comestibles
 c - 4 rations


   Skills:
 + Level 2.2 Fighting
 - Level 2.0 Dodging
 + Level 3.6 Unarmed Combat
 - Level 2.0 Spellcasting
 * Level 3.6 Transmutations


You had 6 spell levels left.
You knew the following spells:

 Your Spells              Type           Power        Failure   Level  Hunger
a - Beastly Appendage     Tmut           ##....       4%          1    #......

Your spell library contained the following spells:

 Spells                   Type           Power        Failure   Level  Hunger
 Sticks to Snakes         Tmut           ##......     6%          2    ###....
 Spider Form              Tmut/Pois      #.........   26%         3    ###....
 Ice Form                 Ice/Tmut       #.......     65%         4    #####..
 Blade Hands              Tmut           ##........   75%         5    ######.


Dungeon Overview and Level Annotations

Branches:
Dungeon (4/15)
 Temple: D:4-7

Altars:


Innate Abilities, Weirdness & Mutations

You cannot wear most types of armour.
You are very stealthy in the water. (Stealth+)
You are amphibious.
You can wear up to eight rings at the same time.
You can use your tentacles to constrict eight enemies at once.
Your skin changes colour to match your surroundings (Stealth+).
Your rubbery body absorbs attacks. (AC +1, EV +1)


Message History

f - an amulet of regeneration (around mantle)
As you read the scroll labeled YCETRO KIRU, it crumbles to dust.
It is a scroll of enchant armour.
You aren't carrying any armour which can be enchanted further.
As you read the scroll labeled WOUPNOU IROI, it crumbles to dust.
The creatures around you are filled with an inner flame!
It was a scroll of immolation.
As you read the scroll labeled NYJUSAP TUTI, it crumbles to dust.
It is a scroll of identify.
j - 2 potions of mutation An orc comes into view.
It is wielding a +0 dagger.
The jackal barely misses you.
You barely miss the jackal. You grab the jackal.
You squeeze the jackal, but do no damage.
You constrict the jackal. The jackal closely misses you.
You tentacle-slap the jackal.
The jackal explodes!
The fiery explosion engulfs you!
Ouch! That really hurt!
You die...

############
#.§§@......#
#.#§######.#
#§ .. ..#
o.. ....
.....


You could see an orc.

Vanquished Creatures
  2 adders (D:3)
  2 oozes (D:2)
  A worm (D:3)
  A dart slug (D:1)
  3 leopard geckos
  An orc (D:3)
  A ball python (D:2)
  5 bats
  3 giant cockroaches
  6 goblins
  6 hobgoblins
  2 quokkas
  7 frilled lizards
  6 kobolds
  14 rats
60 creatures vanquished.

Notes
Turn   | Place    | Note
-------+----------+-------------------------------------------
     0 | D:1      | LLavrengius the Octopode Transmuter began the quest for the
                  | Orb.
     0 | D:1      | Reached XP level 1. HP: 13/13 MP: 3/3
   213 | D:1      | Reached XP level 2. HP: 18/18 MP: 5/5
   579 | D:1      | Reached XP level 3. HP: 19/23 MP: 6/6
  1585 | D:2      | Reached XP level 4. HP: 21/29 MP: 7/7
  2863 | D:4      | Killed from afar by a jackal

Vault maps used:
D:1:      minmay_arrival_diagonal_passages
D:4:      cheibrodos_sewer_entry_sluice, first_ration

Skill      XL: |  1  2  3  4 |
---------------+-------------+-----
Transmutations | 3 |  3.6
Fighting       | 2 |  2.2
Dodging        | |  2.0
Unarmed Combat | |  3.6
Spellcasting   | |  2.0

Action                   |  1- 3 |  4- 6 || total
-------------------------+-------+-------++-------
Melee: Unarmed           |   100 |    56 ||   156
       Constrict         |    24 |    14 ||    38
       Tentacles         |    16 |    10 ||    26
       Punch             |       |     1 ||     1
  Use: Scroll            |       |     3 ||     3
 Stab: Sleeping          |     7 |     1 ||     8
  Eat: Chunk             |     2 |     3 ||     5
Armor: Skin              |     8 |     8 ||    16
Dodge: Dodged            |    54 |    50 ||   104

Table legend:
 A = Non-vault XP
 B = Vault XP
 C = Vault XP percentage of total XP
 D = Non-vault monster count
 E = Vault monster count
 F = Vault count percentage of total count
                 A         B        C        D         E       F
            +---------+---------+-------+---------+---------+-------
      Total |     138 |       0 |   0.0 |      60 |       0 |   0.0
            +---------+---------+-------+---------+---------+-------
        D:1 |      42 |       0 |   0.0 |      25 |       0 |   0.0
        D:2 |      45 |       0 |   0.0 |      22 |       0 |   0.0
        D:3 |      51 |       0 |   0.0 |      13 |       0 |   0.0
            +---------+---------+-------+---------+---------+-------
